 Dungeon Crawl Stone Soup version 0.20.1-1-g8b1a95d (webtiles) character file.

41 KingStallion the Chiller (level 3, 0/26 HPs)
             Began as a Barachi Ice Elementalist on Aug 9, 2017.
             Slain by an orc
             ... wielding a +0 hand axe
              (3 damage)
             ... on level 2 of the Dungeon.
             The game lasted 00:04:33 (1016 turns).

KingStallion the Chiller (Barachi Ice Elementalist) Turns: 1016, Time: 00:04:34

Health: 0/26       AC:  4    Str: 14    XL:     3   Next: 52%
Magic:  6/6        EV: 12    Int: 21    God:
Gold:   112        SH:  0    Dex: 12    Spells: 6/7 levels left

rFire    . . .     SeeInvis .   a - +0 long sword
rCold    . . .     Gourm    .   (no shield)
rNeg     . . .     Faith    .   o - +0 robe
rPois    .         Spirit   .   i - +2 hat
rElec    .         Reflect  .   (no cloak)
rCorr    .         Harm     .   (no gloves)
MR       .....                  (no boots)
Stlth    ++........             (no amulet)
Regen    0.1/turn               l - +5 ring of strength
MPRegen  0.1/turn               (no ring)

@: brilliant, slow
A: +LOS, swims, slowness 1, strong legs 1
a: Hop


You were on level 2 of the Dungeon.
You were not hungry.

You visited 1 branch of the dungeon, and saw 2 of its levels.

You collected 112 gold pieces.

Inventory:

Hand Weapons
 a - a +0 long sword (weapon)
 b - a +4 mace
 r - a cursed -1 whip
Armour
 i - a +2 hat (worn)
 j - a +0 scale mail
 o - a +0 robe (worn)
Jewellery
 g - an uncursed ring of fire
 l - a +5 ring of strength (left hand)
Scrolls
 e - 2 scrolls of identify
 h - a scroll of recharging {unknown}
 m - 2 scrolls of enchant weapon {unknown}
 n - a scroll of fog {unknown}
 p - a scroll of noise {unknown}
 q - a scroll of teleportation {unknown}
 t - a scroll of remove curse {unknown}
Potions
 k - a potion of haste {unknown}
Books
 s - a book of Frost

   Spells                             Type                      Level
   a - Freeze                         Ice                          1
   b - Throw Frost                    Conjuration/Ice              2
   c - Ozocubu's Armour               Charms/Ice                   3
   d - Throw Icicle                   Conjuration/Ice              4
   e - Summon Ice Beast               Ice/Summoning                4
Comestibles
 c - a bread ration
 d - 6 chunks of flesh


   Skills:
 + Level 1.0 Fighting
 + Level 0.9 Maces & Flails
 + Level 2.3 Dodging
 + Level 2.0 Stealth
 + Level 0.4 Unarmed Combat
 + Level 2.5 Spellcasting
   Level 1.1 Conjurations
 + Level 4.3 Ice Magic


You had 6 spell levels left.
You knew the following spells:

 Your Spells              Type           Power        Failure   Level  Hunger
a - Freeze                Ice            ####         1%          1    None


Dungeon Overview and Level Annotations

Branches:
Dungeon (2/15)

Altars:
Cheibriados
Uskayaw


Innate Abilities, Weirdness & Mutations

Shadows flee at your approach. (+LOS)
You can swim through water.
You cover ground slowly.
You can hop short distances.


Message History

You hit the orc.
The orc is moderately wounded.
The orc hits you with a hand axe.
You completely miss the orc.
The orc is moderately wounded.
The orc misses you.
You hit the orc.
The orc is severely wounded.
The orc hits you with a hand axe.
You barely miss the orc.
The orc is severely wounded.
The orc hits you but does no damage. The orc barely misses you.
You closely miss the orc.
The orc is severely wounded.
The orc hits you with a hand axe.
* * * LOW HITPOINT WARNING * * *
It was a potion of brilliance.
You feel clever all of a sudden. The orc hits you with a hand axe.
You die...

#... # #..##....... #...
.# #..######### #...# .#
#..##.# #...# .# #.....#
#...##.####.##.#.# #
.......# #.##.#.#
#.######.....# #.##.#.#
#.(..........# #.##.#.#
#..####..@.+####.##.#.#
#.#.(#..o....##.##)#.#
#.#.(#._.....##....#.###
#.#..#.................#
#.####.......†....)....#.
#....................)...
##.......................
#########..#######.####.
#..# ..... .


You could see 2 dancing weapons and an orc.

Vanquished Creatures
  An ooze (D:1)
  A dart slug (D:2)
  A leopard gecko (D:2)
  2 orcs (D:2)
  6 goblins
  4 hobgoblins
  3 jackals (D:1)
  3 kobolds
  A ball python (D:2)
  2 bats
  A frilled lizard (D:1)
  5 rats (D:1)
30 creatures vanquished.

Notes
Turn   | Place    | Note
-------+----------+-------------------------------------------
     0 | D:1      | KingStallion the Barachi Ice Elementalist began the quest for the Orb.
     0 | D:1      | Reached XP level 1. HP: 13/13 MP: 3/3
   149 | D:1      | Found a snail-covered altar of Cheibriados.
   214 | D:1      | Reached skill level 4 in Ice Magic
   214 | D:1      | Reached XP level 2. HP: 9/19 MP: 0/5
   918 | D:2      | Reached XP level 3. HP: 22/24 MP: 6/6
   986 | D:2      | Found a hide-covered altar of Uskayaw.
   989 | D:2      | Reached skill level 1 in Fighting
  1000 | D:2      | Noticed a dagger
  1001 | D:2      | Noticed a hand axe
  1016 | D:2      | Slain by an orc

Skill      XL: |  1  2  3 |
---------------+----------+-----
Ice Magic      | 4 |  4.3
Stealth        | 2 |  2.0
Fighting       | 1 |  1.0
Maces & Flails | |  0.9
Dodging        | |  2.3
Unarmed Combat | |  0.4
Spellcasting   | |  2.5
Conjurations   | |  1.1

Action                   || total
-------------------------++-------
Melee: Unarmed           ||    24
       Mace              ||    36
       Long sword        ||     5
 Cast: Freeze            ||    15
  Use: Scroll            ||     1
       Potion            ||     1
  Eat: Chunk             ||     1
Armor: Scale mail        ||     9
       Robe              ||    13
Dodge: Dodged            ||    39
